 Dungeon Crawl Stone Soup version 0.27-a0-1191-g601b473118 (webtiles) character file.

Game seed: 14037668152215096790

495 shoop the Ruffian (level 6, -11/55 HPs)
             Began as a Troll Hunter on May 23, 2021.
             Engulfed by a cloud of freezing vapour (15 damage)
             ... on level 5 of the Dungeon.
             The game lasted 00:02:33 (1592 turns).

shoop the Ruffian (Troll Hunter)                    Turns: 1592, Time: 00:02:34

Health: -11/55     AC:  4    Str: 22    XL:     6   Next: 92%
Magic:  5/5        EV:  9    Int:  7    God:
Gold:   112        SH:  0    Dex: 11    Spells: 5/5 levels left

rFire    . . .     SeeInvis .     - Unarmed
rCold    . . .     Faith    .   (no shield)
rNeg     . . .     Spirit   .   b - +0 robe
rPois    .         Reflect  .   (helmet restricted)
rElec    .         Harm     .   (no cloak)
rCorr    .         Rampage  .   (gloves unavailable)
Will     .....                  (boots unavailable)
Stlth    +.........             (no amulet)
HPRegen  1.18/turn              (no ring)
MPRegen  0.09/turn              (no ring)

@: no status effects
A: large, unfitting armour, claws 3, regeneration 1, shaggy fur 1, tough skin 1
a: no special abilities


You were on level 5 of the Dungeon.
You visited 1 branch of the dungeon, and saw 5 of its levels.

You collected 112 gold pieces.

Inventory:

Missiles
 c - 5 large rocks (quivered)
 d - 2 throwing nets
Armour
 b - a +0 robe (worn)
Scrolls
 a - a scroll of fog {unknown}
 g - 3 scrolls of identify {unknown}
 h - a scroll of blinking {unknown}
 k - a scroll of enchant armour {unknown}
 l - a scroll of brand weapon {unknown}
Potions
 e - a potion of resistance {unknown}
 f - a potion of haste {unknown}
 i - a potion of flight {unknown}
 j - a potion of degeneration {unknown}


   Skills:
 - Level 1.5 Fighting
 - Level 3.6 Throwing
 - Level 1.5 Dodging
 - Level 0.3 Stealth
 + Level 7.2 Unarmed Combat


You had 5 spell levels left.
You didn't know any spells.
Your spell library contained the following spells:

 Spells                   Type           Power      Damage    Failure   Level
 Confusing Touch          Hex            0%         N/A       80%         3
 Gell's Gravitas          Tloc           0%         N/A       80%         3
 Petrify                  Tmut/Erth      0%         N/A       99%         4
 Metabolic Englaciation   Hex/Ice        0%         N/A       100%        5
 Yara's Violent Unravell  Hex/Tmut       0%         3d3       100%        5


Dungeon Overview and Level Annotations

Branches:
Dungeon (5/15)
 Temple: D:4-7

Altars:
Fedhas


Innate Abilities, Weirdness & Mutations

You are too large for most types of armour.
You have claws for hands.
Your natural rate of healing is unusually fast.
You are covered in fur. (AC +1)
You have tough skin. (AC +1)


Message History

You closely miss the howler monkey. The howler monkey barely misses you.
You barely miss the howler monkey. The howler monkey hits you.
You claw the howler monkey!
The howler monkey is heavily wounded.
The howler monkey hits you!
You closely miss the howler monkey.
The howler monkey is heavily wounded.
The howler monkey barely misses you.
You claw the howler monkey!
The howler monkey is almost dead.
The howler monkey hoots and howls with incredible vigour!
You hear an angry hiss.
You hear a shout!
You scratch the howler monkey.
You kill the howler monkey!
Your Unarmed Combat skill increases to level 7!
No target in view!
No target in view!
HP restored.
An iguana comes into view.
The iguana closely misses you.
You scratch the iguana but do no damage.
The iguana bites you!
You claw the iguana!
The iguana is severely wounded.
The iguana bites you.
You claw the iguana!
You kill the iguana!
No target in view!
No target in view!
l - a scroll labelled HOSHREBR QUSEOJEHO
Found a piece from Xom's chessboard (15/15).
Found a glowing dire flail.
Found a chain mail.
There is an open door here.
You are engulfed in freezing vapours.
You are engulfed in freezing vapours.
You are engulfed in freezing vapours.
* * * LOW HITPOINT WARNING * * *
You are engulfed in freezing vapours.
You die...

.......
##.#.........
........
#.#.........
..........
#..#####...
..........
##.#####.#
..........
#.#.#(#.#
#.'.#)#.#
#.#.#}#.#
#.#○#$#.#
#.#@#○#.#
#.#○#○#.#
#.#○#○#.#
#.#○#○#.#
#.#○#○#.#
#.#○#○#.#
#.#○#○#.#
#.#○#○#.#
#.#○#○#.#


There were no monsters in sight!

Vanquished Creatures
  Menkaure (D:4)
  A scorpion (D:4)
  A howler monkey (D:5)
  A bullfrog zombie (D:5)
  2 orc priests
  A jelly (D:4)
  3 iguanas
  A howler monkey zombie (D:4)
  3 adders
  6 orcs
  2 bats (D:1)
  3 endoplasms
  3 giant cockroaches
  A goblin (D:1)
  5 hobgoblins
  5 kobolds
  2 quokkas
  5 ball pythons
  2 frilled lizards (D:1)
  3 rats
51 creatures vanquished.

Notes
Turn   | Place    | Note
-------+----------+-------------------------------------------
     0 | D:1      | shoop the Troll Hunter began the quest for the Orb.
     0 | D:1      | Reached XP level 1. HP: 19/19 MP: 0/0
     3 | D:1      | Noticed a vine stalker
     5 | D:1      | Noticed a gargoyle
     5 | D:1      | Noticed an octopode
     7 | D:1      | Noticed a centaur
     7 | D:1      | Noticed a draconian
     9 | D:1      | Noticed a minotaur
     9 | D:1      | Noticed a ghoul
    11 | D:1      | Noticed a tengu
    11 | D:1      | Noticed an elf
    13 | D:1      | Noticed a troll
    13 | D:1      | Noticed a dwarf
    15 | D:1      | Noticed a demonspawn
    15 | D:1      | Noticed a naga
    17 | D:1      | Noticed a human
    19 | D:1      | Noticed a barachi
    19 | D:1      | Noticed a palentonga
    21 | D:1      | Noticed an ogre
    23 | D:1      | Noticed a merfolk
    23 | D:1      | Noticed a formicid
    25 | D:1      | Noticed a spriggan
    25 | D:1      | Noticed a demigod
    27 | D:1      | Noticed a felid
    27 | D:1      | Noticed a vampire
    89 | D:1      | Reached skill level 1 in Unarmed Combat
   155 | D:1      | Reached XP level 2. HP: 27/27 MP: 1/1
   316 | D:1      | Reached skill level 2 in Unarmed Combat
   651 | D:3      | Found a faded altar of an unknown god.
   710 | D:3      | Reached XP level 3. HP: 25/33 MP: 2/2
   735 | D:3      | Reached skill level 3 in Unarmed Combat
   859 | D:4      | Reached XP level 4. HP: 41/41 MP: 3/3
   861 | D:4      | Found a blossoming altar of Fedhas.
   870 | D:4      | Reached skill level 4 in Unarmed Combat
   902 | D:4      | Noticed a scorpion
   908 | D:4      | Killed a scorpion
   909 | D:4      | Reached XP level 5. HP: 33/48 MP: 4/4
   976 | D:4      | Reached skill level 5 in Unarmed Combat
  1113 | D:4      | Noticed Menkaure
  1122 | D:4      | Killed Menkaure
  1123 | D:4      | Reached skill level 6 in Unarmed Combat
  1123 | D:4      | Reached XP level 6. HP: 27/55 MP: 5/5
  1428 | D:5      | Entered Level 5 of the Dungeon
  1538 | D:5      | Reached skill level 7 in Unarmed Combat
  1592 | D:5      | Engulfed by a cloud of freezing vapour

Illustrated notes

Levels and vault maps discovered:
D:1:      kb_arrival_jail, layout_basic, moated_statue, amethyst_killhole,
          chequers_serial_rivers_large_a
D:2:      layout_basic, chequers_decorated_corner
D:3:      layout_basic, shapermc_ecumenical_altar_starsandcircs
D:4:      layout_rooms, fedhas_altar_2, solitary_fountain, serial_bayou_pond_e,
          uniq_menkaure
D:5:      lemuel_ice_spiral_2, layout_basic, gammafunk_temple_overflow_pools,
          grunt_ministairs_14, uniq_blork_the_orc

Skill      XL: |  1  2  3  4  5  6 |
---------------+-------------------+-----
Unarmed Combat | 1 2 3 4 6 7 |  7.2
Fighting       | |  1.5
Throwing       | |  3.6
Dodging        | |  1.5
Stealth        | |  0.3

Action                   |  1- 3 |  4- 6 || total
-------------------------+-------+-------++-------
Melee: Unarmed           |    61 |    66 ||   127
       Punch             |       |     3 ||     3
 Stab: Sleeping          |     4 |       ||     4
Armor: Robe              |    14 |    15 ||    29
Dodge: Dodged            |    22 |    22 ||    44

Table legend: (Time is in decaauts)
 A = Elapsed time spent in this place.
 B = Non-inter-level travel time spent in this place.
 C = Inter-level travel time spent in this place.
 D = Time resting spent in this place.
 E = Time spent auto-exploring this place.
 F = Levels seen in this place.
 G = Mean time per level.
                   A        B        C        D        E       F      G
               +--------+--------+--------+--------+--------+-----+--------+
         Total |   1591 |   1516 |     75 |     23 |   1199 |   5 |  318.2 |
       Dungeon |   1591 |   1516 |     75 |     23 |   1199 |   5 |  318.2 |
               +--------+--------+--------+--------+--------+-----+--------+

Top non-repeatable levels by time:
     D:4: 618 daAuts
     D:1: 615 daAuts
     D:3: 208 daAuts
     D:5: 111 daAuts
     D:2: 38 daAuts
